Griffins vs Islanders

Created - 26 janvier 2024 at 11:45

Goals
1 2 3 T
Griffins 1 2 0 3
Islanders 0 0 0 0
Shots
1 2 3 T
Griffins 11 18 10 39
Islanders 1 8 6 15

GoalsPenalties
1st period
1. Griffins , Jiri Kulich 23 (Cole Schwindt 28) at 14:45
Seth Helgeson (NYI) for Fighting (Major) at 0:03
Jordan Spence (DET) for Fighting (Major) at 0:03
Zack Kassian (DET) for Tripping (Minor) at 17:05
2nd period
2. Griffins , Jacob Perreault 10 (Jack Thompson 13, Joseph LaBate 5) at 4:13
3. Griffins , T.J. Tynan 29 (Jakob Pelletier 44, Zack Kassian 36) at 5:32 (PP)
Libor Hajek (NYI) for Slashing (Minor) at 5:15
Matt Coronato (NYI) for Slashing (Minor) at 14:33
Matthew Kessel (DET) for Tripping (Minor) at 17:02
3rd period
No Goal
Cole Cassels (NYI) for Hooking (Minor) at 11:11
Goalie Stats
Mads Sogaard (DET), 15 saves from 15 shots - (1,000), W, 39-14-8, 60:00 minutes
Hugo Alnefelt (NYI), 36 saves from 39 shots - (0,923), L, 30-30-10, 60:00 minutes
3 StarsOfficial
1 - Mads Sogaard (DET)
2 - Jiri Kulich (DET)
3 - Jacob Perreault (DET)
Referees : Katie Guay and Samantha Hiller
Linesman : Derek Nansen and Erin Blair
Game Note
Seth Helgeson beats up Jordan Spence at 0:03 of 1st period



Team Name Goals Shots Shots Attemp Shots Blocked PIM HIT PP PK FO%
Griffins 3397589291 / 3 (33%)059%
Islanders 015341311220 / 2 (0%)141%

Griffins
Player Name POS G A P +/- PIM HIT SHT SB MP PP MP PP SHT PK MP PK SHT FO% FOT GA TA
Chris WidemanD0002033122:092:1000:4000% 000
Cole SchwindtC/RW0111012017:471:4902:21056% 1610
Emil HeinemanLW0000023013:010:0000:0000% 000
Jack ThompsonD0112020118:360:0000:3100% 011
Jacob MacDonaldD0000000220:052:0502:1200% 010
Jacob PerreaultRW101101109:120:0000:0000% 000
Jakob PelletierLW0110003119:372:2602:210100% 110
Jeff KubiakC0000011013:060:0400:000100% 510
Jiri KulichC/LW1011013015:261:4900:00050% 210
Jordan SpenceD0000513020:122:0501:4600% 000
Joseph LaBateLW0111020010:220:0000:48033% 310
Logan StanleyD0000041322:372:1001:4600% 000
Markus NurmiLW/RW0000004013:010:0000:0000% 100
Mason GeertsenLW000102209:190:0000:0000% 000
Matthew KesselD0000223016:570:0001:0100% 000
T.J. TynanC1010024017:292:2210:00059% 2210
Tim GettingerLW/RW0001011017:521:4901:3700% 000
Zack KassianRW0110245019:112:2600:4900% 100
Islanders
Player Name POS G A P +/- PIM HIT SHT SB MP PP MP PP SHT PK MP PK SHT FO% FOT GA TA
Alexander NylanderC/LW/RW000-1024024:471:5111:55054% 2600
Brandon GignacLW000-1001012:061:3601:4100% 000
Brent Gates Jr.C000003009:421:3801:4400% 100
Cole CasselsC0000200020:501:4200:50050% 800
David FarranceD000-1011322:081:4301:4200% 001
Grigori DenisenkoLW/RW000-100005:230:0000:0000% 000
Jack DoughertyD0000011120:492:1502:3300% 001
Jackson CatesC000000000:000:0000:0000% 000
Jakub GalvasD000-1000015:300:0000:1600% 000
Jordy BelleriveC000000002:580:2300:2800% 000
Libor HajekD0000200430:482:1302:0100% 002
Matt CoronatoRW0000242226:121:5701:1300% 412
Ryan SchmelzerC0000023021:531:5700:0000% 000
Seth BartonD000-100005:350:0000:0000% 001
Seth HelgesonD000-1511123:081:4501:5800% 001
Steven FogartyC/RW000-1010017:100:2500:0000% 000
Taro HiroseLW000-1032018:570:2500:39030% 1000
Tyler MaddenC000-1040217:450:0000:0000% 200

Griffins

5 vs 5 Forward
Line #Left WingCenterRight WingPHYDFOFWanted %Time %Time Play
1Jakob PelletierT.J. TynanZack Kassian0323529%15:08
2Jiri KulichCole SchwindtTim Gettinger0323428%14:26
3Emil HeinemanJeff KubiakMarkus Nurmi0322625%13:01
4Mason GeertsenJoseph LaBateJacob Perreault032518%9:12
5 vs 5 Defense
Line #DefenseDefensePHYDFOFWanted %Time %Time Play
1Logan StanleyJordan Spence0323536%18:46
2Chris WidemanJack Thompson0323435%17:54
3Jacob MacDonaldMatthew Kessel0322627%13:51
4Logan StanleyJordan Spence03252%1:16
Power Play Forward
Line #Left WingCenterRight WingPHYDFOFWanted %Time %Time Play
1Jakob PelletierT.J. TynanZack Kassian1045357%2:26
2Jiri KulichCole SchwindtTim Gettinger1044743%1:49
Power Play Defense
Line #DefenseDefensePHYDFOFWanted %Time %Time Play
1Logan StanleyChris Wideman0145351%2:10
2Jacob MacDonaldJordan Spence0144749%2:05
Penalty Kill 4 Players Forward
Line #CenterWingPHYDFOFWanted %Time %Time Play
1Cole SchwindtJakob Pelletier1315559%2:21
2Tim GettingerZack Kassian1314541%1:37
Penalty Kill 4 Players Defense
Line #DefenseDefensePHYDFOFWanted %Time %Time Play
1Logan StanleyJordan Spence1315545%1:46
2Jacob MacDonaldMatthew Kessel1314555%2:12
Penalty Kill 3 Players
Line #WingPHYDFOFWanted %Time %Time PlayDefenseDefensePHYDFOFWanted %Time %Time Play
1Cole Schwindt131550%0:00 Logan StanleyJordan Spence131550%0:00
2Jakob Pelletier131450%0:00 Jacob MacDonaldMatthew Kessel131450%0:00
4 vs 4 Forward
Line #CenterWingPHYDFOFWanted %Time %Time Play
1T.J. TynanZack Kassian032600%0:00
2Cole SchwindtTim Gettinger032400%0:00
4 vs 4 Defense
Line #DefensePHYDFOFWanted %Time %Time Play
1Logan StanleyJordan Spence122600%0:00
2Chris WidemanJack Thompson122400%0:00
Last Minutes Offensive
Left WingCenterRight WingDefenseDefense
Jakob PelletierT.J. TynanZack KassianLogan StanleyChris Wideman
Last Minutes Defensive
Left WingCenterRight WingDefenseDefense
Jakob PelletierCole SchwindtZack KassianLogan StanleyJacob MacDonald
Time
Total ForwardTotal DefenseLast Minutes OffensiveLast Minutes Defensive
60:00 60:00 0:000:00
Extra Forwards
Normal PowerPlayPenalty Kill
Zack Kassian, Jakob Pelletier, T.J. TynanJeff Kubiak, Jacob PerreaultJoseph LaBate
Extra Defensemen
Normal PowerPlayPenalty Kill
Logan Stanley, Jacob MacDonald, Chris WidemanJack Thompson, Jack ThompsonChris Wideman
Penalty Shots
Jakob Pelletier, Zack Kassian, T.J. Tynan, Cole Schwindt, Tim Gettinger
Goalie
Mads Sogaard, Jakub Skarek
Scratches
Jordie Benn (Healthy), Brandon Coe (Healthy), Egor Zamula (Healthy), Keean Washkurak (Healthy), Reece Newkirk (Healthy) Xavier Bernard (Healthy), Ronan Seeley (Healthy), Simon Edvinsson (Healthy), Tyrel Bauer (Healthy), Christopher Gibson (Healthy) Sebastian Cossa (Healthy)

Islanders

5 vs 5 Forward
Line #Left WingCenterRight WingPHYDFOFWanted %Time %Time Play
1Matt CoronatoAlexander NylanderRyan Schmelzer1224028%14:38
2Cole CasselsAlexander NylanderMatt Coronato1223023%12:08
3Ryan SchmelzerCole CasselsMatt Coronato1222014%7:16
4Tyler MaddenTaro HiroseMatt Coronato1221034%17:45
5 vs 5 Defense
Line #DefenseDefensePHYDFOFWanted %Time %Time Play
1Seth HelgesonLibor Hajek1224037%19:09
2David FarranceLibor Hajek1223031%16:03
3Jakub GalvasLibor Hajek1222022%11:33
4Libor HajekJack Dougherty1221010%5:02
Power Play Forward
Line #Left WingCenterRight WingPHYDFOFWanted %Time %Time Play
1Matt CoronatoAlexander NylanderRyan Schmelzer1226060%2:22
2Matt CoronatoAlexander NylanderCole Cassels1224040%1:36
Power Play Defense
Line #DefenseDefensePHYDFOFWanted %Time %Time Play
1Jack DoughertyLibor Hajek12260100%3:58
2Libor HajekJack Dougherty122400%0:00
Penalty Kill 4 Players Forward
Line #CenterWingPHYDFOFWanted %Time %Time Play
1Matt CoronatoAlexander Nylander12260100%4:15
2Alexander NylanderMatt Coronato122400%0:00
Penalty Kill 4 Players Defense
Line #DefenseDefensePHYDFOFWanted %Time %Time Play
1Jack DoughertyLibor Hajek12260100%4:15
2Libor HajekJack Dougherty122400%0:00
Penalty Kill 3 Players
Line #WingPHYDFOFWanted %Time %Time PlayDefenseDefensePHYDFOFWanted %Time %Time Play
1Matt Coronato122600%0:00 Jack DoughertyLibor Hajek122600%0:00
2Matt Coronato122400%0:00 Libor HajekJack Dougherty122400%0:00
4 vs 4 Forward
Line #CenterWingPHYDFOFWanted %Time %Time Play
1Matt CoronatoAlexander Nylander122600%0:00
2Alexander NylanderMatt Coronato122400%0:00
4 vs 4 Defense
Line #DefensePHYDFOFWanted %Time %Time Play
1Libor HajekJack Dougherty122600%0:00
2Libor HajekSeth Helgeson122400%0:00
Last Minutes Offensive
Left WingCenterRight WingDefenseDefense
Matt CoronatoAlexander NylanderRyan SchmelzerSeth HelgesonLibor Hajek
Last Minutes Defensive
Left WingCenterRight WingDefenseDefense
Matt CoronatoAlexander NylanderRyan SchmelzerSeth HelgesonLibor Hajek
Time
Total ForwardTotal DefenseLast Minutes OffensiveLast Minutes Defensive
60:00 60:00 0:000:00
Extra Forwards
Normal PowerPlayPenalty Kill
Ryan Schmelzer, Alexander Nylander, Matt CoronatoMatt Coronato, Alexander NylanderMatt Coronato
Extra Defensemen
Normal PowerPlayPenalty Kill
David Farrance, Libor Hajek, Jack DoughertyLibor Hajek, Jack DoughertyLibor Hajek
Penalty Shots
Alexander Nylander, Matt Coronato, Taro Hirose, Ryan Schmelzer, Cole Cassels
Goalie
Hugo Alnefelt, Dennis Hildeby
Scratches
Dmitry Osipov (Healthy), John Moore (Healthy), Kody Clark (Healthy), Matthew Strome (Healthy), Brendan Warren (Healthy) Cameron Hillis (Healthy), Cedric Lacroix (Healthy), Hayden Hodgson (Healthy), Henri Nikkanen (Healthy), Hunter Jones (Healthy)


Play-by-Play

1st period


0:01 of 1st period - T.J. Tynan wins face-off versus Alexander Nylander in neutral zone.
0:03 of 1st period - Seth Helgeson beats up Jordan Spence.
0:03 of 1st period - Penalty to Seth Helgeson for Fighting.
0:03 of 1st period - Penalty to Jordan Spence for Fighting.
0:04 of 1st period - Cole Cassels wins face-off versus Cole Schwindt in neutral zone.
0:30 of 1st period - David Farrance is hit by Emil Heineman.
1:58 of 1st period - Cole Schwindt is hit by Matt Coronato and loses puck.
2:07 of 1st period - Matt Coronato is hit by Tim Gettinger and loses puck.
3:08 of 1st period - Tyler Madden is hit by Zack Kassian and loses puck.
4:30 of 1st period - Ryan Schmelzer is hit by Matthew Kessel and loses puck.
4:37 of 1st period - Alexander Nylander is hit by Logan Stanley and loses puck.
4:49 of 1st period - Icing by David Farrance.
4:50 of 1st period - Taro Hirose wins face-off versus Cole Schwindt in Islanders zone.
4:55 of 1st period - Cole Schwindt is hit by Matt Coronato and loses puck.
5:02 of 1st period - Matt Coronato is hit by Cole Schwindt and loses puck.
7:43 of 1st period - Alexander Nylander is hit by Zack Kassian.
8:12 of 1st period - Brent Gates Jr. is hit by Emil Heineman and loses puck.
9:04 of 1st period - Seth Helgeson is hit by Jack Thompson and loses puck.
9:11 of 1st period - Slapshot by Chris Wideman.
9:11 of 1st period - Shot Blocked by David Farrance.
9:13 of 1st period - Slapshot by Logan Stanley.
9:13 of 1st period - Stopped by Hugo Alnefelt with a rebound.
9:26 of 1st period - Icing by T.J. Tynan.
9:27 of 1st period - Joseph LaBate wins face-off versus Alexander Nylander in Griffins zone.
9:32 of 1st period - Brandon Gignac is hit by Jacob Perreault and loses puck.
10:03 of 1st period - Libor Hajek is hit by Jordan Spence and loses puck.
10:10 of 1st period - Wrist shot by Jakob Pelletier.
10:10 of 1st period - Stopped by Hugo Alnefelt without a rebound.
10:11 of 1st period - Alexander Nylander wins face-off versus Cole Schwindt in Islanders zone.
10:16 of 1st period - Tim Gettinger is hit by Alexander Nylander and loses puck.
10:45 of 1st period - Wrist shot by Markus Nurmi.
10:45 of 1st period - Stopped by Hugo Alnefelt with a rebound.
10:47 of 1st period - Wrist shot by Chris Wideman.
10:47 of 1st period - Stopped by Hugo Alnefelt with a rebound.
10:49 of 1st period - Slapshot by Chris Wideman.
10:49 of 1st period - Stopped by Hugo Alnefelt without a rebound.
10:50 of 1st period - Jeff Kubiak wins face-off versus Cole Cassels in Islanders zone.
11:01 of 1st period - Slapshot by Chris Wideman.
11:01 of 1st period - Deflect By Jeff Kubiak.
11:01 of 1st period - Stopped by Hugo Alnefelt without a rebound.
11:02 of 1st period - Alexander Nylander wins face-off versus T.J. Tynan in Islanders zone.
11:49 of 1st period - Snap shot by Emil Heineman.
11:49 of 1st period - Stopped by Hugo Alnefelt without a rebound.
11:50 of 1st period - T.J. Tynan wins face-off versus Tyler Madden in Islanders zone.
13:36 of 1st period - Slapshot by Chris Wideman.
13:36 of 1st period - Stopped by Hugo Alnefelt with a rebound.
14:00 of 1st period - Snap shot by Zack Kassian.
14:00 of 1st period - Shot Misses the Net.
14:02 of 1st period - Slapshot by Chris Wideman.
14:02 of 1st period - Deflect By Markus Nurmi.
14:02 of 1st period - Stopped by Hugo Alnefelt without a rebound.
14:03 of 1st period - Jeff Kubiak wins face-off versus Brent Gates Jr. in Islanders zone.
14:37 of 1st period - Backhand shot by T.J. Tynan.
14:37 of 1st period - Deflect By Zack Kassian.
14:37 of 1st period - Shot Blocked by Libor Hajek.
14:37 of 1st period - Puck is out of play.
14:38 of 1st period - Cole Schwindt wins face-off versus Taro Hirose in Islanders zone.
14:45 of 1st period - Snap shot by Jiri Kulich.
14:45 of 1st period - Goal by Jiri Kulich - Griffins : 1 - Islanders : 0.
14:46 of 1st period - Alexander Nylander wins face-off versus T.J. Tynan in neutral zone.
15:11 of 1st period - Libor Hajek is hit by Chris Wideman and loses puck.
15:51 of 1st period - Matthew Kessel is hit by Tyler Madden and loses puck.
17:05 of 1st period - Minor Penalty to Zack Kassian for Tripping.
17:06 of 1st period - Alexander Nylander wins face-off versus Cole Schwindt in Griffins zone.
19:05 of 1st period - Penalty to Zack Kassian is over, Zack Kassian is back on ice.
19:14 of 1st period - Emil Heineman is hit by Taro Hirose and loses puck.
19:25 of 1st period - Wrist shot by Jeff Kubiak.
19:25 of 1st period - Shot Misses the Net.
19:27 of 1st period - Slapshot by Mason Geertsen.
19:27 of 1st period - Stopped by Hugo Alnefelt with a rebound.
19:56 of 1st period - Icing by Joseph LaBate.
19:57 of 1st period - Alexander Nylander wins face-off versus T.J. Tynan in Griffins zone.
19:58 of 1st period - Slapshot by Brandon Gignac.
19:58 of 1st period - Stopped by Mads Sogaard without a rebound.
19:59 of 1st period - T.J. Tynan wins face-off versus Taro Hirose in Griffins zone.
Goals for this period are 1 for Griffins vs 0 for Islanders.
Shots for this period are 11 for Griffins vs 1 for Islanders.

2nd period


0:01 of 2nd period - Jiri Kulich wins face-off versus Alexander Nylander in neutral zone.
0:09 of 2nd period - Slapshot by Libor Hajek.
0:09 of 2nd period - Shot Blocked by Jacob MacDonald.
0:11 of 2nd period - Snap shot by Ryan Schmelzer.
0:11 of 2nd period - Deflect By Alexander Nylander.
0:11 of 2nd period - Stopped by Mads Sogaard with a rebound.
0:13 of 2nd period - Snap shot by David Farrance.
0:13 of 2nd period - Shot Misses the Net.
0:15 of 2nd period - Wrist shot by David Farrance.
0:15 of 2nd period - Deflect By Alexander Nylander.
0:15 of 2nd period - Shot Blocked by Jacob MacDonald.
0:15 of 2nd period - Puck is out of play.
0:16 of 2nd period - T.J. Tynan wins face-off versus Alexander Nylander in Griffins zone.
0:21 of 2nd period - Slapshot by Jakob Pelletier.
0:21 of 2nd period - Shot Blocked by Libor Hajek.
0:23 of 2nd period - Wrist shot by Jakob Pelletier.
0:23 of 2nd period - Shot Misses the Net.
0:25 of 2nd period - Slapshot by T.J. Tynan.
0:25 of 2nd period - Stopped by Hugo Alnefelt without a rebound.
0:26 of 2nd period - Alexander Nylander wins face-off versus T.J. Tynan in Islanders zone.
0:39 of 2nd period - Snap shot by Jakob Pelletier.
0:39 of 2nd period - Deflect By Zack Kassian.
0:39 of 2nd period - Stopped by Hugo Alnefelt with a rebound.
0:43 of 2nd period - Wrist shot by T.J. Tynan.
0:43 of 2nd period - Stopped by Hugo Alnefelt with a rebound.
0:45 of 2nd period - Slapshot by Matthew Kessel.
0:45 of 2nd period - Shot Blocked by Libor Hajek.
0:47 of 2nd period - Slapshot by Jakob Pelletier.
0:47 of 2nd period - Shot Misses the Net.
0:49 of 2nd period - Slapshot by Jakob Pelletier.
0:49 of 2nd period - Shot Misses the Net.
0:53 of 2nd period - Wrist shot by Jakob Pelletier.
0:53 of 2nd period - Stopped by Hugo Alnefelt with a rebound.
0:55 of 2nd period - Slapshot by Matthew Kessel.
0:55 of 2nd period - Stopped by Hugo Alnefelt without a rebound.
0:56 of 2nd period - Alexander Nylander wins face-off versus Cole Schwindt in Islanders zone.
1:01 of 2nd period - Slapshot by Alexander Nylander.
1:01 of 2nd period - Deflect By Ryan Schmelzer.
1:01 of 2nd period - Stopped by Mads Sogaard with a rebound.
1:27 of 2nd period - Libor Hajek is hit by Joseph LaBate and loses puck.
1:56 of 2nd period - Snap shot by Jiri Kulich.
1:56 of 2nd period - Shot Misses the Net.
1:58 of 2nd period - Slapshot by Chris Wideman.
1:58 of 2nd period - Shot Misses the Net.
2:48 of 2nd period - Jack Dougherty is hit by Zack Kassian and loses puck.
3:19 of 2nd period - Slapshot by Matthew Kessel.
3:19 of 2nd period - Shot Misses the Net.
3:21 of 2nd period - Backhand shot by Markus Nurmi.
3:21 of 2nd period - Stopped by Hugo Alnefelt with a rebound.
3:23 of 2nd period - Slapshot by Matthew Kessel.
3:23 of 2nd period - Shot Blocked by Tyler Madden.
4:01 of 2nd period - Seth Barton is hit by Logan Stanley and loses puck.
4:13 of 2nd period - Snap shot by Jacob Perreault.
4:13 of 2nd period - Goal by Jacob Perreault - Griffins : 2 - Islanders : 0.
4:14 of 2nd period - Cole Schwindt wins face-off versus Cole Cassels in neutral zone.
4:30 of 2nd period - Slapshot by Chris Wideman.
4:30 of 2nd period - Deflect By Tim Gettinger.
4:30 of 2nd period - Shot Blocked by Seth Helgeson.
4:30 of 2nd period - Puck is out of play.
4:31 of 2nd period - T.J. Tynan wins face-off versus Cole Cassels in Islanders zone.
4:57 of 2nd period - Jordan Spence is hit by Taro Hirose and loses puck.
5:15 of 2nd period - Minor Penalty to Libor Hajek for Slashing.
5:16 of 2nd period - T.J. Tynan wins face-off versus Matt Coronato in Islanders zone.
5:32 of 2nd period - Snap shot by T.J. Tynan.
5:32 of 2nd period - Goal by T.J. Tynan - Griffins : 3 - Islanders : 0.
5:33 of 2nd period - Alexander Nylander wins face-off versus Zack Kassian in neutral zone.
5:35 of 2nd period - Off-side.
5:36 of 2nd period - Alexander Nylander wins face-off versus T.J. Tynan in neutral zone.
5:39 of 2nd period - Snap shot by Alexander Nylander.
5:39 of 2nd period - Shot Misses the Net.
5:41 of 2nd period - Slapshot by Seth Helgeson.
5:41 of 2nd period - Stopped by Mads Sogaard without a rebound.
5:42 of 2nd period - T.J. Tynan wins face-off versus Alexander Nylander in Griffins zone.
5:55 of 2nd period - Wrist shot by Alexander Nylander.
5:55 of 2nd period - Shot Misses the Net.
5:57 of 2nd period - Wrist shot by Ryan Schmelzer.
5:57 of 2nd period - Stopped by Mads Sogaard without a rebound.
5:58 of 2nd period - Cole Schwindt wins face-off versus Alexander Nylander in Griffins zone.
5:58 of 2nd period - Cole Schwindt is hit by Alexander Nylander.
6:22 of 2nd period - David Farrance is hit by Chris Wideman.
6:34 of 2nd period - Snap shot by Zack Kassian.
6:34 of 2nd period - Shot Misses the Net.
6:53 of 2nd period - Icing by Markus Nurmi.
6:54 of 2nd period - Cole Cassels wins face-off versus Markus Nurmi in Griffins zone.
6:55 of 2nd period - Snap shot by Ryan Schmelzer.
6:55 of 2nd period - Stopped by Mads Sogaard with a rebound.
7:10 of 2nd period - Jordan Spence is hit by Seth Helgeson and loses puck.
7:25 of 2nd period - Snap shot by Matt Coronato.
7:25 of 2nd period - Stopped by Mads Sogaard without a rebound.
7:26 of 2nd period - Taro Hirose wins face-off versus Cole Schwindt in Griffins zone.
7:27 of 2nd period - Slapshot by Matt Coronato.
7:27 of 2nd period - Shot Misses the Net.
7:33 of 2nd period - Wrist shot by Taro Hirose.
7:33 of 2nd period - Shot Misses the Net.
8:27 of 2nd period - Seth Helgeson is hit by Jiri Kulich and loses puck.
8:34 of 2nd period - Snap shot by Cole Schwindt.
8:34 of 2nd period - Stopped by Hugo Alnefelt without a rebound.
8:35 of 2nd period - T.J. Tynan wins face-off versus Taro Hirose in Islanders zone.
8:36 of 2nd period - Snap shot by Zack Kassian.
8:36 of 2nd period - Stopped by Hugo Alnefelt without a rebound.
8:37 of 2nd period - T.J. Tynan wins face-off versus Taro Hirose in Islanders zone.
8:50 of 2nd period - Wrist shot by Zack Kassian.
8:50 of 2nd period - Stopped by Hugo Alnefelt without a rebound.
8:51 of 2nd period - Cole Schwindt wins face-off versus Alexander Nylander in Islanders zone.
8:54 of 2nd period - Snap shot by Jiri Kulich.
8:54 of 2nd period - Shot Misses the Net.
9:04 of 2nd period - Slapshot by Jiri Kulich.
9:04 of 2nd period - Shot Misses the Net.
9:06 of 2nd period - Wrist shot by Jack Thompson.
9:06 of 2nd period - Shot Misses the Net.
9:45 of 2nd period - Slapshot by Ryan Schmelzer.
9:45 of 2nd period - Deflect By Mason Geertsen.
9:45 of 2nd period - Shot Misses the Net.
9:45 of 2nd period - Puck is out of play.
9:46 of 2nd period - Cole Cassels wins face-off versus Joseph LaBate in Griffins zone.
10:15 of 2nd period - Snap shot by Jack Dougherty.
10:15 of 2nd period - Shot Misses the Net.
11:17 of 2nd period - Jacob Perreault is hit by Tyler Madden and loses puck.
11:44 of 2nd period - Slapshot by Jordan Spence.
11:44 of 2nd period - Stopped by Hugo Alnefelt without a rebound.
11:45 of 2nd period - Alexander Nylander wins face-off versus T.J. Tynan in Islanders zone.
12:04 of 2nd period - Snap shot by Jordan Spence.
12:04 of 2nd period - Stopped by Hugo Alnefelt without a rebound.
12:05 of 2nd period - Cole Schwindt wins face-off versus Alexander Nylander in Islanders zone.
12:06 of 2nd period - Wrist shot by Jiri Kulich.
12:06 of 2nd period - Shot Blocked by Matt Coronato.
12:08 of 2nd period - Snap shot by Jiri Kulich.
12:08 of 2nd period - Stopped by Hugo Alnefelt without a rebound.
12:09 of 2nd period - Alexander Nylander wins face-off versus Jiri Kulich in Islanders zone.
12:58 of 2nd period - Chris Wideman is hit by Ryan Schmelzer and loses puck.
13:19 of 2nd period - Jeff Kubiak is hit by Matt Coronato.
13:23 of 2nd period - Taro Hirose is hit by Jeff Kubiak.
13:29 of 2nd period - Wrist shot by Emil Heineman.
13:29 of 2nd period - Deflect By Markus Nurmi.
13:29 of 2nd period - Shot Misses the Net.
13:29 of 2nd period - Puck is out of play.
13:30 of 2nd period - Cole Schwindt wins face-off versus Taro Hirose in Islanders zone.
13:43 of 2nd period - Snap shot by Tim Gettinger.
13:43 of 2nd period - Shot Misses the Net.
13:45 of 2nd period - Slapshot by Matthew Kessel.
13:45 of 2nd period - Deflect By Jakub Galvas.
13:45 of 2nd period - Stopped by Hugo Alnefelt without a rebound.
13:46 of 2nd period - T.J. Tynan wins face-off versus Matt Coronato in Islanders zone.
14:17 of 2nd period - Wrist shot by Markus Nurmi.
14:17 of 2nd period - Deflect By Emil Heineman.
14:17 of 2nd period - Shot Misses the Net.
14:17 of 2nd period - Puck is out of play.
14:18 of 2nd period - Jeff Kubiak wins face-off versus Tyler Madden in Islanders zone.
14:18 of 2nd period - Jeff Kubiak is hit by David Farrance.
14:33 of 2nd period - Minor Penalty to Matt Coronato for Slashing.
14:34 of 2nd period - Alexander Nylander wins face-off versus T.J. Tynan in Islanders zone.
14:46 of 2nd period - Libor Hajek is hit by Logan Stanley and loses puck.
16:33 of 2nd period - Penalty to Matt Coronato is over, Matt Coronato is back on ice.
16:45 of 2nd period - Taro Hirose is hit by Logan Stanley and loses puck.
17:02 of 2nd period - Minor Penalty to Matthew Kessel for Tripping.
17:03 of 2nd period - Cole Schwindt wins face-off versus Matt Coronato in Griffins zone.
17:06 of 2nd period - Snap shot by Alexander Nylander.
17:06 of 2nd period - Stopped by Mads Sogaard with a rebound.
19:02 of 2nd period - Penalty to Matthew Kessel is over, Matthew Kessel is back on ice.
19:14 of 2nd period - Snap shot by Taro Hirose.
19:14 of 2nd period - Shot Misses the Net.
19:16 of 2nd period - Wrist shot by Taro Hirose.
19:16 of 2nd period - Stopped by Mads Sogaard with a rebound.
19:26 of 2nd period - Snap shot by Zack Kassian.
19:26 of 2nd period - Shot Misses the Net.
19:28 of 2nd period - Slapshot by Logan Stanley.
19:28 of 2nd period - Shot Misses the Net.
19:44 of 2nd period - Snap shot by Matthew Kessel.
19:44 of 2nd period - Shot Hit the Post.
19:46 of 2nd period - Snap shot by Tim Gettinger.
19:46 of 2nd period - Stopped by Hugo Alnefelt with a rebound.
19:48 of 2nd period - Snap shot by Matthew Kessel.
19:48 of 2nd period - Stopped by Hugo Alnefelt with a rebound.
19:50 of 2nd period - Wrist shot by Zack Kassian.
19:50 of 2nd period - Stopped by Hugo Alnefelt without a rebound.
19:51 of 2nd period - Jeff Kubiak wins face-off versus Alexander Nylander in Islanders zone.
Goals for this period are 2 for Griffins vs 0 for Islanders.
Shots for this period are 18 for Griffins vs 8 for Islanders.

3rd period


0:01 of 3rd period - T.J. Tynan wins face-off versus Alexander Nylander in neutral zone.
0:16 of 3rd period - Slapshot by Zack Kassian.
0:16 of 3rd period - Stopped by Hugo Alnefelt with a rebound.
0:34 of 3rd period - Snap shot by Jiri Kulich.
0:34 of 3rd period - Shot Blocked by Libor Hajek.
1:16 of 3rd period - Steven Fogarty is hit by Joseph LaBate and loses puck.
2:05 of 3rd period - Snap shot by T.J. Tynan.
2:05 of 3rd period - Stopped by Hugo Alnefelt without a rebound.
2:06 of 3rd period - Cole Schwindt wins face-off versus Alexander Nylander in Islanders zone.
2:11 of 3rd period - Wrist shot by Jiri Kulich.
2:11 of 3rd period - Stopped by Hugo Alnefelt with a rebound.
2:13 of 3rd period - Slapshot by Chris Wideman.
2:13 of 3rd period - Shot Misses the Net.
2:33 of 3rd period - Slapshot by Emil Heineman.
2:33 of 3rd period - Shot Blocked by David Farrance.
2:35 of 3rd period - Snap shot by Markus Nurmi.
2:35 of 3rd period - Stopped by Hugo Alnefelt with a rebound.
2:37 of 3rd period - Slapshot by Matthew Kessel.
2:37 of 3rd period - Shot Misses the Net.
2:43 of 3rd period - Snap shot by Emil Heineman.
2:43 of 3rd period - Stopped by Hugo Alnefelt with a rebound.
2:53 of 3rd period - Snap shot by David Farrance.
2:53 of 3rd period - Stopped by Mads Sogaard without a rebound.
2:54 of 3rd period - Taro Hirose wins face-off versus T.J. Tynan in Griffins zone.
3:18 of 3rd period - Jakob Pelletier is hit by Steven Fogarty and loses puck.
3:22 of 3rd period - Logan Stanley is hit by Taro Hirose and loses puck.
3:43 of 3rd period - Wrist shot by Taro Hirose.
3:43 of 3rd period - Stopped by Mads Sogaard with a rebound.
3:45 of 3rd period - Slapshot by Jack Dougherty.
3:45 of 3rd period - Shot Blocked by Jack Thompson.
3:47 of 3rd period - Snap shot by Tyler Madden.
3:47 of 3rd period - Deflect By Taro Hirose.
3:47 of 3rd period - Shot Blocked by Chris Wideman.
3:47 of 3rd period - Puck is out of play.
3:48 of 3rd period - Cole Cassels wins face-off versus Cole Schwindt in Griffins zone.
3:51 of 3rd period - Wrist shot by Matt Coronato.
3:51 of 3rd period - Shot Misses the Net.
4:59 of 3rd period - Slapshot by Emil Heineman.
4:59 of 3rd period - Stopped by Hugo Alnefelt with a rebound.
6:00 of 3rd period - Alexander Nylander is hit by Mason Geertsen and loses puck.
6:19 of 3rd period - Jakob Pelletier is hit by Jack Dougherty.
6:29 of 3rd period - Tyler Madden is hit by Chris Wideman and loses puck.
7:10 of 3rd period - T.J. Tynan is hit by Ryan Schmelzer and loses puck.
7:19 of 3rd period - Jack Dougherty is hit by T.J. Tynan and loses puck.
7:35 of 3rd period - Icing by Jordan Spence.
7:36 of 3rd period - Jeff Kubiak wins face-off versus Taro Hirose in Griffins zone.
7:43 of 3rd period - Slapshot by Jordan Spence.
7:43 of 3rd period - Stopped by Hugo Alnefelt with a rebound.
7:47 of 3rd period - Wrist shot by Jeff Kubiak.
7:47 of 3rd period - Deflect By Emil Heineman.
7:47 of 3rd period - Shot Blocked by Matt Coronato.
7:47 of 3rd period - Puck is out of play.
7:48 of 3rd period - T.J. Tynan wins face-off versus Cole Cassels in Islanders zone.
8:03 of 3rd period - Wrist shot by Jakob Pelletier.
8:03 of 3rd period - Stopped by Hugo Alnefelt without a rebound.
8:04 of 3rd period - Cole Schwindt wins face-off versus Taro Hirose in Islanders zone.
8:13 of 3rd period - Snap shot by Cole Schwindt.
8:13 of 3rd period - Stopped by Hugo Alnefelt with a rebound.
8:29 of 3rd period - Jack Thompson is hit by Matt Coronato and loses puck.
8:34 of 3rd period - Wrist shot by Alexander Nylander.
8:34 of 3rd period - Stopped by Mads Sogaard without a rebound.
8:35 of 3rd period - Alexander Nylander wins face-off versus T.J. Tynan in Griffins zone.
8:36 of 3rd period - Slapshot by Matt Coronato.
8:36 of 3rd period - Stopped by Mads Sogaard with a rebound.
8:38 of 3rd period - Slapshot by Cole Cassels.
8:38 of 3rd period - Shot Misses the Net.
8:40 of 3rd period - Snap shot by Jack Dougherty.
8:40 of 3rd period - Stopped by Mads Sogaard with a rebound.
8:42 of 3rd period - Wrist shot by Alexander Nylander.
8:42 of 3rd period - Stopped by Mads Sogaard with a rebound.
8:44 of 3rd period - Slapshot by David Farrance.
8:44 of 3rd period - Deflect By Alexander Nylander.
8:44 of 3rd period - Shot Blocked by Logan Stanley.
8:44 of 3rd period - Puck is out of play.
8:45 of 3rd period - Jakob Pelletier wins face-off versus Alexander Nylander in Griffins zone.
8:50 of 3rd period - Slapshot by Alexander Nylander.
8:50 of 3rd period - Shot Misses the Net.
8:52 of 3rd period - Snap shot by Cole Cassels.
8:52 of 3rd period - Shot Blocked by Logan Stanley.
8:54 of 3rd period - Snap shot by Alexander Nylander.
8:54 of 3rd period - Shot Blocked by Jakob Pelletier.
8:58 of 3rd period - Slapshot by Alexander Nylander.
8:58 of 3rd period - Shot Blocked by Logan Stanley.
9:34 of 3rd period - Wrist shot by Jacob Perreault.
9:34 of 3rd period - Deflect By Mason Geertsen.
9:34 of 3rd period - Stopped by Hugo Alnefelt without a rebound.
9:35 of 3rd period - Alexander Nylander wins face-off versus Joseph LaBate in Islanders zone.
9:58 of 3rd period - Wrist shot by T.J. Tynan.
9:58 of 3rd period - Shot Blocked by Tyler Madden.
10:24 of 3rd period - Libor Hajek is hit by Matthew Kessel and loses puck.
10:57 of 3rd period - Slapshot by Jordan Spence.
10:57 of 3rd period - Shot Misses the Net.
10:59 of 3rd period - Wrist shot by Mason Geertsen.
10:59 of 3rd period - Shot Misses the Net.
11:01 of 3rd period - Wrist shot by Jack Thompson.
11:01 of 3rd period - Shot Blocked by David Farrance.
11:11 of 3rd period - Minor Penalty to Cole Cassels for Hooking.
11:12 of 3rd period - T.J. Tynan wins face-off versus Matt Coronato in Islanders zone.
11:27 of 3rd period - Snap shot by Jakob Pelletier.
11:27 of 3rd period - Shot Blocked by Jack Dougherty.
13:11 of 3rd period - Penalty to Cole Cassels is over, Cole Cassels is back on ice.
13:37 of 3rd period - Jacob Perreault is hit by Tyler Madden and loses puck.
14:32 of 3rd period - Ryan Schmelzer is hit by Jack Thompson and loses puck.
15:11 of 3rd period - Jacob MacDonald is hit by Brent Gates Jr. and loses puck.
15:41 of 3rd period - Jakob Pelletier is hit by Tyler Madden and loses puck.
15:52 of 3rd period - T.J. Tynan is hit by Brent Gates Jr. and loses puck.
16:03 of 3rd period - Jack Thompson is hit by Brent Gates Jr. and loses puck.
16:24 of 3rd period - Slapshot by Jeff Kubiak.
16:24 of 3rd period - Shot Misses the Net.
18:32 of 3rd period - Taro Hirose is hit by T.J. Tynan and loses puck.
18:51 of 3rd period - Brandon Gignac is hit by Mason Geertsen.
19:30 of 3rd period - Tyler Madden is hit by Zack Kassian and loses puck.
Goals for this period are 0 for Griffins vs 0 for Islanders.
Shots for this period are 10 for Griffins vs 6 for Islanders.